 Dungeon Crawl Stone Soup version 0.15-a0-411-g153a95e (webtiles) character file.

312086 Bloax the Fencer (level 19, -1/172 HPs)
             Began as a Demigod Fighter on Apr 28, 2014.
             Killed from afar by a starcursed mass (8 damage)
             ... with an accursed screaming
             ... on Level 5 of the Abyss on May 4, 2014.
             The game lasted 03:38:17 (41483 turns).

Bloax the Fencer (Demigod Fighter)                 Turns: 41483, Time: 03:38:17

HP  -1/172       AC 41     Str 28      XL: 19   Next: 62%
MP  33/33        EV 26     Int 12 (15) God:
Gold 710         SH 27     Dex 19 (20) Spells:  7 memorised,  6 levels left

rFire  + . .     SeeInvis .     Q - +1,+2 bastard sword (vamp) {!w}
rCold  + . .     Clarity  .     M - +27 Lear's hauberk
rNeg   . . .     Conserve +     c - +0 shield
rPois  +         rCorr    +     (no helmet)
rElec  +         rRot     .     O - +1 cloak {rCorr, Cons}
SustAb . .       Spirit   .     (no gloves)
rMut   .         Warding  .     (no boots)
Saprov . . .     Stasis   .     b - amulet of rage
MR     +....                    G - +4 ring of evasion
                                y - +4 ring of evasion

@: somewhat resistant to hostile enchantments, extremely unstealthy
A: high mp 1, strong 1
a: Evoke Berserk Rage
}: 2/15 runes: barnacled, gossamer


You were on level 5 of the Abyss.
You were not hungry.

You visited 7 branches of the dungeon, and saw 41 of its levels.
You visited the Abyss 1 time.
You also visited: Labyrinth.

You collected 3933 gold pieces.
You spent 3223 gold pieces at shops.


Innate Abilities, Weirdness & Mutations

You have an increased reservoir of magic (+10% MP).
Your muscles are strong. (Str +2)


   Skills:
 - Level 16.0 Fighting
 + Level 17.8 Long Blades
 + Level 5.3 Throwing
 - Level 11.7 Armour
 + Level 15.5 Dodging
 - Level 10.7 Shields
 - Level 3.0 Spellcasting
 - Level 3.3 Charms
 - Level 10.0 Necromancy


You had 6 spell levels left.
You knew the following spells:

 Your Spells              Type           Power        Failure   Level  Hunger
a - Haste                 Chrm           #.......     100%        6    #######
b - Corpse Rot            Necr           N/A          4%          2    ##.....
c - Blink                 Tloc           N/A          99%         2    ##.....
d - Repel Missiles        Chrm/Air       #.....       96%         2    ##.....
e - Flight                Chrm/Air       #.........   100%        3    ####...
f - Swiftness             Chrm/Air       #.......     96%         2    ##.....
g - Summon Butterflies    Summ           #.......     98%         1    #......


Dungeon Overview and Level Annotations

Branches:
Dungeon (14/15)            Temple (0/1) D:6             Orc (4/4) D:12
    Elf (0/3) Orc:3          Lair (8/8) D:9          Shoals (5/5) Lair:6
 Spider (5/5) Lair:4        Slime (0/6) Lair:8       Vaults (4/5) D:14
  Blade (1/1) Vaults:3      Crypt (0/3) Vaults:3

Shops:
D:4 (   D:7 (   D:14 *   Orc:1 !   Orc:4 [*[(

Annotations:
D:2 Yiuf

Inventory:

Hand weapons
 a - a +5,+5 demon blade of pain
   (You bought it in a shop on level 4 of the Dungeon)
 w - the +8,+8 autumn katana {slice, Clar}
   (You found it on level 12 of the Dungeon)

   It inflicts extra damage upon your enemies.
   It protects you against confusion.
 L - the +6,+10 scimitar of Springtime {holy, Int+4}
   (You found it on level 4 of the Abyss)

   It has been blessed by the Shining One to cause great damage to the undead
   and demons.
   It affects your intelligence (+4).
 Q - a +1,+2 vampiric bastard sword (weapon) {!w}
   (You subdued it in the Hall of Blades)
 T - a +2,+2 bastard sword of freezing
   (You acquired it on level 7 of the Lair of Beasts)
Missiles
 u - 12 silver darts (quivered)
 B - 11 darts of dispersal {!f}
 W - 3 tomahawks
Armour
 c - a +0 shield (worn)
 M - the +27 Lear's hauberk (worn)
   (You bought it in a shop on level 4 of the Orcish Mines)
 O - a +1 cloak of preservation (worn)
   (You bought it in a shop on level 4 of the Orcish Mines)
 S - a troll hide
   (You found it on level 13 of the Dungeon)
Magical devices
 h - a wand of disintegration (19)
   (You found it on level 1 of the Lair of Beasts)
 p - a wand of heal wounds (4)
   (You found it on level 4 of the Vaults)
 v - a wand of lightning (6)
   (You found it on level 3 of the Vaults)
 F - a wand of digging (6)
   (You found it on level 14 of the Dungeon)
 K - a wand of teleportation (7)
   (You found it on level 1 of the Lair of Beasts)
 P - a wand of draining (6)
   (You found it on level 2 of the Vaults)
 V - a wand of digging (13)
   (You found it on level 14 of the Dungeon)
Comestibles
 d - 8 bread rations
 k - 4 meat rations
Scrolls
 g - 4 scrolls of blinking
 i - 4 scrolls of fog
 q - 2 scrolls of magic mapping
 s - 2 scrolls of fear
 A - 17 scrolls of remove curse
 E - 11 scrolls of teleportation
 I - 3 scrolls of vulnerability
 J - 2 scrolls of identify
 X - a scroll of summoning
Jewellery
 b - an amulet of rage (around neck)
   (You found it on level 4 of the Dungeon)
 f - an uncursed amulet of resist mutation
   (You found it on level 7 of the Dungeon)
 l - an uncursed amulet of clarity
   (You found it on level 2 of the Spider Nest)
 n - an uncursed ring of poison resistance
   (You found it on level 2 of the Lair of Beasts)
 y - a +4 ring of evasion (left hand)
   (You found it on level 5 of the Dungeon)
 C - an uncursed ring of wizardry
   (You found it on level 6 of the Dungeon)
 G - a +4 ring of evasion (right hand)
   (You found it on level 10 of the Dungeon)
 H - an uncursed ring of positive energy
   (You found it on level 7 of the Lair of Beasts)
 U - an uncursed ring of protection from fire
   (You found it on level 8 of the Lair of Beasts)
Potions
 e - a potion of resistance
 j - 2 potions of brilliance
 m - 4 potions of haste
 o - 2 potions of magic
 r - 7 potions of agility
 t - 8 potions of curing
 x - a potion of heal wounds
 z - 2 potions of lignification {!q}
 D - 2 potions of might
 N - 2 potions of flight
Rods
 R - a +5 rod of inaccuracy (10/10) {!a}
   (You found it in a labyrinth)

.#. ....# #
.#.#.# .. .#
#...#... ##.#..
###. .# .#..
..... .. . #..#
.... #. #..#.
###
#....##.#..#..#
. # .. .#X#h##
#.#..#.h@# # #
..#...x#
........#..h.#
. #.#. .##..#.#
... ..#.#####..
#.#... .#.. ...
.... .#. .#. #
.## # # ..# #


You could see a starcursed mass, 3 raiju and a small abomination.


Message History

Unknown command.
You miss the raiju.
The raiju is lightly wounded.
Unknown command.
You closely miss the raiju.
The raiju is lightly wounded.
Unknown command.
You slash the raiju!
The raiju is heavily wounded.
The raiju completely misses you.
Unknown command.
You completely miss the raiju.
The raiju is heavily wounded.
The raiju barely misses you.
The raiju bursts into living lightning!
The living lightning misses you. The living lightning hits you!
* * * LOW HITPOINT WARNING * * *
The living lightning hits the raiju.
The raiju completely resists.
The living lightning misses the raiju.
The raiju blinks!
A small abomination comes into view.
You slice the raiju!!
The raiju is heavily wounded.
Unknown command.
Wield which item (- for none, * to show all)? (? for menu, Esc to quit)
Really wield
Q - a +1,+2 vampiric bastard sword {!w}?
The +6,+10 scimitar of Springtime {holy, Int+4} stops glowing.
You feel a dreadful hunger.
Q - a +1,+2 vampiric bastard sword (weapon)
{!w} The raiju bursts into living lightning!
The living lightning misses the raiju.
The living lightning hits you!
* * * LOW HITPOINT WARNING * * *
The living lightning hits you!
The living lightning hits the raiju.
The raiju completely resists.
The living lightning hits the raiju.
The raiju completely resists.
The living lightning hits the raiju.
The raiju completely resists.
The raiju blinks!
The raiju blinks!
The raiju blinks!
You block the raiju's attack.
Unknown command.
Unknown command.
Unknown command.
Your shield and Lear's hauberk prevent you from hitting the raiju.
The raiju is heavily wounded.
You feel your health improve.
The raiju bursts into living lightning!
The living lightning hits you!
* * * LOW HITPOINT WARNING * * *
The raiju blinks!
The raiju bursts into living lightning!
The living lightning misses the raiju.
The living lightning hits you! The living lightning misses you.
The living lightning hits the raiju.
The raiju completely resists.
The living lightning misses the raiju.
The living lightning hits the raiju.
The raiju completely resists.
The raiju blinks! x3
You slice the raiju!!
The raiju is almost dead.
The raiju bursts into living lightning!
The living lightning hits you!
* * * LOW HITPOINT WARNING * * *
The living lightning hits you!
* * * LOW HITPOINT WARNING * * *
The living lightning hits the raiju.
The raiju completely resists.
The living lightning hits the raiju.
The raiju completely resists.
The living lightning hits the raiju.
The raiju completely resists.
The living lightning misses the raiju.
The raiju blinks!
The raiju blinks!
A starcursed mass comes into view.
Unknown command.
Drink which item? (? for menu, Esc to quit)
You feel protected. The raiju completely misses you.
The starcursed mass shrieks in your mind.
You die...

Action                   |  1- 3 |  4- 6 |  7- 9 | 10-12 | 13-15 | 16-18 | 19-21 || total
-------------------------+-------+-------+-------+-------+-------+-------+-------++-------
Melee: Long sword        |   180 |   252 |   334 |       |       |       |       ||   766
       Demon blade       |       |       |   264 |  1018 |  1881 |   140 |       ||  3303
       Scimitar          |       |       |       |     6 |     9 |     7 |    87 ||   109
       Katana            |       |       |       |       |   290 |  1479 |   215 ||  1984
       Bastard sword     |       |       |       |       |     4 |   899 |   183 ||  1086
Throw: Dart              |     1 |       |       |       |       |       |    29 ||    30
       Tomahawk          |       |       |    12 |     1 |     3 |       |    13 ||    29
 Abil: Evoke Berserk Rag |       |     1 |    10 |     1 |     1 |     4 |       ||    17
Evoke: Wand              |       |       |    16 |     9 |    13 |     9 |     5 ||    52
       Sack of spiders   |       |       |       |     1 |     4 |       |       ||     5
       Rod               |       |       |       |       |    10 |     3 |       ||    13
  Use: Scroll            |       |    12 |    13 |    18 |    14 |    12 |     3 ||    72
       Potion            |       |     1 |     5 |     1 |     8 |     2 |     4 ||    21
 Stab: Invisible         |       |       |     6 |       |       |       |       ||     6
       Distracted        |       |       |       |       |     3 |       |       ||     3
       Held in net/web   |       |       |       |       |     1 |       |       ||     1

Vault maps used:
D:1:      dpeg_arrival_lava_temple_mockup
D:2:      serial_undead, serial_undead_e, serial_undead_c, serial_undead_f,
          serial_undead_d, serial_bayou_lake_a, uniq_crazy_yiuf_cottage
D:3:      vehumet_crystals, lemuel_round_altar
D:4:      serial_shops, shop, first_bread, corner_web_ring
D:5:      chei_snail_safe_becter, uniq_menkaure
D:6:      cheibrodos_ashenzari_chains, temple_statues, grunt_ministairs_15,
          serial_bayou_lagoon_b, uniq_blork_the_orc, uniq_eustachio, uniq_iyjb
D:7:      serial_shops, kennysheep_mini, nicolae_shop_crystal, basic_altar,
          the_bakery, interstate_on_off
D:8:      lemuel_crystal_altar, uniq_maurice
D:9:      erik_lair_orcish_takeover, kennysheep_generic_room_12
D:10:     david_defended_altar_elf
D:11:     uniq_urug, uniq_grum
D:12:     giant_chief_lemuel, david_orc_1_choice, fedhas_bush_and_centaur_altar
D:13:     uniq_psyche
D:14:     grunt_vaults_entry_fortified, serial_shops, shop_fountains,
          grunt_dithmenos_shadows
Orc:1:    serial_shops, nicolae_shop_waterfront, mines2_lemuel
Orc:3:    nicolae_orc_pool_cavern, nooodl_orcs_dogs
Orc:4:    grunt_orc_community_town_hall, grunt_orc_community_big_house_1,
          grunt_orc_community_big_house_2, grunt_orc_community_house_3,
          grunt_orc_community_house_1, grunt_orc_community_house_2,
          grunt_orc_community_house_2, grunt_orc_community_house_2,
          grunt_orc_community_house_2
Lair:1:   infiniplex_staircase_pool
Lair:2:   nicolae_lair_grove_arrangements, roderic_carrion_pond, uniq_erica
Lair:3:   wad_woods_river_01, infiniplex_staircase_pool_2
Lair:4:   spider_nest_entry_a
Lair:5:   serial_bayou_shore_a
Lair:6:   minmay_shoals_entry_lonely_mermaid, lab_entry_generic
Lair:7:   forest_entry_grove, lemuel_strawberry_fields, uniq_harold
Lair:8:   grunt_lair_end_beastmaster, slime_altar_1
Shoals:1: st_cyclops
Shoals:4: uniq_polyphemus, uniq_saint_roka, uniq_norris, uniq_snorg
Shoals:5: shoals_end_hangedman, shoals_ilsuiw_alternative
Spider:1: uniq_louise
Spider:3: uniq_arachne
Spider:4: uniq_nikola
Spider:5: guppyfry_spider_rune
Vaults:1: ontoclasm_vaults_ring_large, nicolae_vaults_little_squares_1,
          dpeg_vaults_monster_box, vaults_dpeg_encased_lava,
          hangedman_vaults_capsules, v_misc_8, vaults_dpeg_ring,
          nicolae_vaults_yaktaur_gun_rack, hangedman_vaults_locks,
          vaults_room_stairs_pillars, ontoclasm_vaults_chip,
          vaults_mumra_minichess_inversion
Vaults:2: grunt_vaults_diagonal, v_misc_16, hangedman_vaults_unwind,
          v_alt_pattern_1, v_misc_33, vaults_mumra_chevron, v_misc_5,
          vaults_room_corners, basic_altar
Vaults:3: hangedman_vaults_trim, v_alt_pattern_4, v_alt_pattern_6,
          nicolae_vaults_triangles, minmay_crypt_entry_necro_gods,
          ontoclasm_vaults_tryst, vaults_blade_entry_pillars, vaults_mumra_lcd,
          ontoclasm_vaults_eye, vaults_dpeg_cross, v_misc_1,
          nicolae_vaults_three_branches, ontoclasm_vaults_ring_square,
          ontoclasm_vaults_twist, uniq_boris, uniq_margery, uniq_donald
Vaults:4: nicolae_vaults_little_squares_6, vaults_mumra_hex, v_alt_pattern_4,
          vaults_dpeg_hooks, hangedman_vaults_hat, hangedman_vaults_stream,
          ontoclasm_vaults_fault, nicolae_vaults_ring_of_whatevers, v_misc_12,
          vaults_room_boxed, vaults_room_hangedman_quadrants, v_rooms_6,
          ontoclasm_vaults_pinch, vaults_room_pool
Abyss:2:  minivault_1
Abyss:4:  evilmike_abyss_rune_seething_chaos
Abyss:5:  hangedman_abyss_rune_macabre_mess, serial_sigils_hangedman_snap
Lab:      labyrinth_mini_lab, nicolae_lab_x, nicolae_lab_statue,
          nicolae_lab_arrow, nicolae_lab_do_over, nicolae_lab_diamond,
          nicolae_lab_checkerboard, nicolae_lab_garden, lab_block

Notes
Turn   | Place    | Note
--------------------------------------------------------------
     0 | D:1      | Bloax, the Demigod Fighter, began the quest for the Orb.
     0 | D:1      | Reached XP level 1. HP: 18/18 MP: 2/2
    45 | D:1      | Reached skill level 2 in Long Blades
   177 | D:1      | Reached XP level 2. HP: 25/25 MP: 3/3
   351 | D:1      | Reached skill level 3 in Shields
   634 | D:2      | Reached skill level 3 in Long Blades
   683 | D:2      | Reached XP level 3. HP: 20/30 MP: 5/5
  1027 | D:2      | Reached XP level 4. HP: 14/37 MP: 7/7
  1231 | D:2      | Reached skill level 4 in Long Blades
  1520 | D:3      | Found a blossoming altar of Fedhas.
  1745 | D:3      | Found a radiant altar of Vehumet.
  2146 | D:4      | Reached XP level 5. HP: 42/42 MP: 8/8
  2237 | D:2      | Noticed Crazy Yiuf
  2247 | D:2      | Killed Crazy Yiuf
  2247 | D:2      | Reached skill level 5 in Long Blades
  2524 | D:4      | Found Thryah's Antique Weapon Shoppe.
  2843 | D:4      | Reached skill level 3 in Fighting
  3042 | D:5      | Entered Level 5 of the Dungeon
  3070 | D:5      | Noticed Menkaure
  3083 | D:5      | Killed Menkaure
  3083 | D:5      | Reached skill level 6 in Long Blades
  3083 | D:5      | Reached XP level 6. HP: 51/51 MP: 10/10
  3237 | D:5      | when's the murder comin
  3237 | D:5      | i see the rng running
  3363 | D:5      | Noticed an ogre
  3370 | D:5      | Killed an ogre
  3420 | D:5      | Noticed a phantom
  3457 | D:5      | Killed a phantom
  3457 | D:5      | Reached skill level 4 in Fighting
  3457 | D:5      | Reached XP level 7. HP: 51/59 MP: 12/12
  3636 | D:5      | Found a snail-covered altar of Cheibriados.
  3651 | D:5      | i am a renegade
  3651 | D:5      | why can't i do it
  3712 | D:5      | Reached skill level 7 in Long Blades
  3712 | D:5      | Reached skill level 3 in Armour
  4017 | D:6      | Noticed Blork the orc
  4040 | D:6      | Killed Blork the orc
  4172 | D:6      | Found a shattered altar of Ashenzari.
  4324 | D:6      | Reached skill level 8 in Long Blades
  4324 | D:6      | Reached XP level 8. HP: 66/66 MP: 13/13
  4486 | D:6      | Noticed Ijyb
  4493 | D:6      | Reached skill level 4 in Armour
  4502 | D:6      | Killed Ijyb
  4586 | D:6      | Noticed Eustachio
  4587 | D:6      | Found a staircase to the Ecumenical Temple.
  4602 | D:6      | Killed Eustachio
  4966 | D:7      | Found Klafis' Antique Weapon Boutique.
  5152 | D:7      | Reached skill level 9 in Long Blades
  5654 | D:4      | Bought a glowing demon blade for 345 gold pieces
  5795 | D:7      | Reached skill level 4 in Shields
  5889 | D:7      | Found a shattered altar of Ashenzari.
  5933 | D:7      | Learned a level 6 spell: Haste
  6027 | D:7      | Reached XP level 9. HP: 71/71 MP: 15/15
  6212 | D:8      | Reached skill level 10 in Long Blades
  6381 | D:8      | Reached skill level 5 in Shields
  6628 | D:8      | Noticed Maurice
  6645 | D:8      | Killed Maurice
  6645 | D:8      | Reached skill level 5 in Fighting
  6803 | D:8      | Found a glowing silver altar of Zin.
  7225 | D:9      | Reached skill level 11 in Long Blades
  7391 | D:9      | Noticed a spiny frog
  7392 | D:9      | Reached skill level 6 in Fighting
  7398 | D:9      | Killed a spiny frog
  7398 | D:9      | Reached XP level 10. HP: 52/83 MP: 17/17
  7446 | D:9      | Found a staircase to the Lair.
  7777 | D:10     | Entered Level 10 of the Dungeon
  8168 | D:10     | Found a bloodstained altar of Trog.
  8191 | D:10     | Reached skill level 7 in Fighting
  8576 | D:10     | Reached skill level 5 in Armour
  8610 | Lair:1   | Entered Level 1 of the Lair of Beasts
  8614 | D:9      | Reached skill level 12 in Long Blades
  9064 | Lair:1   | Reached skill level 6 in Armour
  9796 | Lair:2   | Learned a level 2 spell: Corpse Rot
  9839 | Lair:2   | Reached skill level 1 in Necromancy
  9915 | Lair:2   | Reached skill level 2 in Necromancy
  9925 | Lair:2   | Noticed Erica
  9938 | Lair:2   | Killed Erica
  9938 | Lair:2   | Reached skill level 3 in Necromancy
  9938 | Lair:2   | Reached XP level 11. HP: 92/92 MP: 18/18
 10114 | Lair:2   | Reached skill level 4 in Necromancy
 10271 | Lair:3   | Reached skill level 5 in Necromancy
 10541 | Lair:3   | Reached skill level 13 in Long Blades
 10546 | Lair:3   | Reached skill level 6 in Necromancy
 11173 | Lair:4   | Reached skill level 1 in Spellcasting
 11227 | Lair:4   | Reached skill level 7 in Necromancy
 11388 | Lair:4   | Found a hole to the Spider Nest.
 11404 | Lair:4   | Reached skill level 2 in Spellcasting
 11641 | Lair:5   | Reached skill level 8 in Necromancy
 11759 | Lair:5   | Reached XP level 12. HP: 82/100 MP: 21/24
 11769 | Lair:5   | Reached skill level 3 in Spellcasting
 12375 | Lair:5   | Noticed a five-headed hydra
 12385 | Lair:5   | Killed a hydra
 12660 | Lair:6   | Reached skill level 7 in Armour
 12680 | Lair:6   | Reached skill level 9 in Necromancy
 12719 | Lair:6   | Found a labyrinth entrance.
 12781 | Lab      | Entered a labyrinth
 12997 | Lab      | Noticed a minotaur
 13004 | Lab      | Killed a minotaur
 13027 | Lab      | Got a polished ring mail
 13044 | Lab      | Identified the -7 ring mail of Caickuekh {+Rage rF++ SInv} (You found it in a labyrinth)
 13067 | Lab      | Identified a +5 rod of inaccuracy (10/10) (You found it in a labyrinth)
 13068 | Lab      | Identified a +9 rod of shadows (11/11) (You found it in a labyrinth)
 13069 | Lab      | Identified a -3 rod of striking (11/11) (You found it in a labyrinth)
 13090 | Lab      | Identified Vehumet's Reference Book on Battle Magic (You found it in a labyrinth)
 13090 | Lab      | Identified the Catalogue of the Hummingbird (You found it in a labyrinth)
 13094 | Lab      | Learned a level 2 spell: Blink
 13368 | Lair:7   | Noticed Harold
 13376 | Lair:7   | Killed Harold
 13376 | Lair:7   | Reached skill level 6 in Shields
 13641 | Lair:7   | Reached skill level 8 in Armour
 13794 | Lair:7   | Reached skill level 14 in Long Blades
 13953 | Lair:7   | Reached skill level 1 in Dodging
 14141 | Lair:7   | Gained mutation: You have an increased reservoir of magic (+10% MP). [potion of beneficial mutation]
 14214 | Lair:7   | Identified a scroll of acquirement
 14217 | Lair:7   | not bad at all
 14364 | Lair:8   | Entered Level 8 of the Lair of Beasts
 14379 | Lair:8   | Reached XP level 13. HP: 105/105 MP: 27/27
 14422 | Lair:8   | Reached skill level 2 in Dodging
 14432 | Lair:8   | Reached skill level 7 in Shields
 14824 | Lair:8   | Reached skill level 8 in Fighting
 14946 | Lair:8   | Noticed a five-headed hydra
 14954 | Lair:8   | Reached skill level 10 in Necromancy
 14959 | Lair:8   | Killed a one-headed hydra
 15117 | Lair:8   | Reached skill level 3 in Dodging
 15177 | Lair:8   | Reached skill level 9 in Fighting
 15216 | Lair:8   | Reached skill level 4 in Dodging
 15285 | Lair:8   | Noticed a seven-headed hydra
 15293 | Lair:8   | Killed a three-headed hydra
 15478 | Lair:8   | Found a staircase to the Slime Pits.
 15478 | Lair:8   | Found a viscous altar of Jiyva.
 16126 | D:11     | Noticed Grum
 16131 | D:11     | Reached skill level 5 in Dodging
 16137 | D:11     | Killed Grum
 16462 | D:11     | Reached skill level 10 in Fighting
 16673 | D:11     | Noticed Urug
 16686 | D:11     | Killed Urug
 16686 | D:11     | Reached skill level 6 in Dodging
 16686 | D:11     | Reached XP level 14. HP: 93/121 MP: 21/28
 16840 | D:12     | Found a staircase to the Orcish Mines.
 17142 | D:12     | Reached skill level 7 in Dodging
 17605 | D:12     | Reached skill level 8 in Dodging
 17808 | D:12     | Reached skill level 9 in Dodging
 17817 | D:12     | Reached skill level 9 in Armour
 18055 | D:12     | Noticed a fire giant
 18080 | D:12     | Killed a fire giant
 18127 | D:12     | lol
 18138 | D:12     | yeah baby
 18290 | Orc:1    | Entered Level 1 of the Orcish Mines
 19053 | Orc:3    | Found a staircase to the Elven Halls.
 19060 | Orc:3    | go away
 20006 | Orc:4    | Entered Level 4 of the Orcish Mines
 20032 | Orc:4    | Found a roughly hewn altar of Beogh.
 20149 | Orc:4    | Noticed casual's ghost (powerful DsBe)
 20149 | Orc:4    | what a casual
 20178 | Orc:4    | Killed casual's ghost
 20203 | Orc:4    | Found a roughly hewn altar of Beogh.
 20792 | Orc:4    | Found a roughly hewn altar of Beogh.
 20792 | Orc:4    | Found Kliwk's General Store.
 21000 | Orc:4    | Found a roughly hewn altar of Beogh.
 21004 | Orc:4    | Found Tyatoypsy's Armour Boutique.
 21204 | Orc:4    | Found a roughly hewn altar of Beogh.
 21360 | Orc:4    | Noticed an orc warlord
 21394 | Orc:4    | Killed an orc warlord
 21520 | Orc:4    | HP: 24/121 [sun demon[an orc high priest] (10)]
 21616 | Orc:4    | Found a roughly hewn altar of Beogh.
 21620 | Orc:4    | Found Socsikh's Antique Armour Shoppe.
 21670 | Orc:4    | Found Isiusi's Antique Weapon Emporium.
 21817 | Orc:2    | Reached skill level 10 in Dodging
 22156 | Orc:1    | Found Muepah's Distillery.
 22298 | Orc:4    | Bought the +27 Lear's hauberk for 1951 gold pieces
 22299 | Orc:4    | yeahhhh
 23487 | Lair:6   | Found a staircase to the Shoals.
 23603 | Spider:1 | Entered Level 1 of the Spider Nest
 23735 | Spider:1 | Noticed Louise
 23766 | Spider:1 | Killed Louise
 23766 | Spider:1 | Reached XP level 15. HP: 120/126 MP: 29/29
 24596 | Spider:2 | Reached skill level 8 in Shields
 25030 | Spider:3 | Noticed Arachne
 25063 | Spider:3 | Killed Arachne
 25063 | Spider:3 | Reached skill level 11 in Fighting
 25843 | Spider:3 | Got a steaming pewter ring
 25844 | Spider:3 | Identified the ring "Khafyiro" {Hunger- Dex-3 Int+3} (You found it on level 3 of the Spider Nest)
 25936 | Spider:3 | Reached skill level 15 in Long Blades
 25968 | Spider:3 | Reached skill level 9 in Shields
 26458 | Spider:4 | Gained mutation: You can translocate small distances at will. [potion of beneficial mutation]
 26522 | Spider:4 | HP: 32/130 [wolf spider (2)]
 26531 | Spider:4 | HP: 26/130 [redback (5)]
 26536 | Spider:4 | HP: 30/130 [wolf spider (4)]
 26549 | Spider:4 | HP: 30/130 [redback (3)]
 26869 | Spider:4 | Noticed Nikola
 26892 | Spider:4 | Killed Nikola
 27421 | Spider:5 | Entered Level 5 of the Spider Nest
 27588 | Spider:4 | Reached XP level 16. HP: 139/139 MP: 30/30
 27710 | Spider:1 | Reached skill level 10 in Shields
 28046 | Orc:4    | Bought a +0 cloak of preservation for 472 gold pieces
 28496 | Spider:5 | Reached skill level 12 in Fighting
 29452 | Spider:5 | Got a gossamer rune of Zot
 29691 | Shoals:1 | Entered Level 1 of the Shoals
 30528 | Shoals:4 | Noticed Saint Roka
 30666 | Shoals:4 | Killed Saint Roka
 30666 | Shoals:4 | Reached skill level 16 in Long Blades
 30666 | Shoals:4 | Reached skill level 11 in Dodging
 31005 | Shoals:4 | Noticed Norris
 31006 | Shoals:4 | Paralysed by Norris for 3 turns
 31026 | Shoals:4 | Killed Norris
 31091 | Shoals:5 | Entered Level 5 of the Shoals
 31101 | Shoals:5 | Reached skill level 13 in Fighting
 31454 | Shoals:5 | Got a barnacled rune of Zot
 31704 | Shoals:3 | NOPE
 31804 | Lair:6   | Upgraded the game from 0.15-a0-271-g6095dc6 to 0.15-a0-306-g5a3139e
 32053 | D:13     | Reached skill level 10 in Armour
 32093 | D:13     | Noticed Psyche
 32100 | D:13     | Killed Psyche
 32397 | D:13     | Reached XP level 17. HP: 150/150 MP: 31/31
 32442 | D:13     | Learned a level 2 spell: Repel Missiles
 32446 | D:13     | Learned a level 3 spell: Flight
 32449 | D:13     | Learned a level 2 spell: Swiftness
 32567 | D:14     | Found a shadowy altar of Dithmenos.
 32595 | D:14     | Found Neadae's General Store.
 32910 | Orc:1    | Bought a potion of beneficial mutation for 455 gold pieces
 32911 | Orc:1    | Gained mutation: Your muscles are strong. (Str +2) [potion of beneficial mutation]
 33121 | D:14     | Found a gate to the Vaults.
 33335 | Vaults:1 | Entered Level 1 of the Vaults
 33601 | Vaults:1 | Reached skill level 12 in Dodging
 34548 | Vaults:1 | Reached skill level 14 in Fighting
 34740 | Vaults:1 | Reached skill level 11 in Armour
 35281 | Vaults:2 | Found a glowing silver altar of Zin.
 35857 | Vaults:2 | Reached skill level 13 in Dodging
 36474 | Vaults:3 | Found a staircase to the Hall of Blades.
 36528 | Blade    | Entered the Hall of Blades
 36751 | Blade    | Reached skill level 1 in Charms
 36787 | Blade    | Reached XP level 18. HP: 129/161 MP: 31/31
 36963 | Blade    | Reached skill level 2 in Charms
 37169 | Vaults:3 | Got a pair of faintly humming gloves
 37185 | Vaults:2 | Identified the +4 pair of gloves of Vlad {Stlth Curse} (You found it on level 3 of the Vaults)
 37185 | Vaults:2 | mm
 37256 | Vaults:3 | Reached skill level 3 in Charms
 37367 | Vaults:3 | Reached skill level 15 in Fighting
 37424 | Vaults:3 | Noticed Donald
 37431 | Vaults:3 | Noticed Margery
 37635 | Vaults:3 | Killed Margery
 37873 | Vaults:3 | Found a staircase to the Crypt.
 37873 | Vaults:3 | Found an ancient bone altar of Kikubaaqudgha.
 37874 | Vaults:3 | Found a basalt altar of Yredelemnul.
 37980 | Vaults:3 | Noticed Boris
 37981 | Vaults:3 | shit
 37997 | Vaults:3 | Killed Boris
 37997 | Vaults:3 | Reached skill level 14 in Dodging
 38654 | Vaults:3 | Killed Donald
 39299 | Vaults:4 | Reached skill level 17 in Long Blades
 39798 | Vaults:4 | Reached XP level 19. HP: 172/172 MP: 33/33
 39834 | Vaults:4 | Reached skill level 16 in Fighting
 39902 | Vaults:4 | Upgraded the game from 0.15-a0-306-g5a3139e to 0.15-a0-411-g153a95e
 40037 | Vaults:4 | Reached skill level 1 in Throwing
 40221 | Vaults:4 | Cast into the Abyss (deep elf sorcerer)
 40221 | Abyss:1  | Found a corrupted altar of Lugonu.
 40229 | Abyss:1  | Learned a level 1 spell: Summon Butterflies
 40314 | Abyss:2  | Reached skill level 2 in Throwing
 40320 | Abyss:2  | Reached skill level 15 in Dodging
 40399 | Abyss:2  | Lost mutation: You can translocate small distances at will. [a neqoxec]
 40540 | Abyss:2  | Got a fine chain mail
 40541 | Abyss:2  | Identified the cursed -3 chain mail of the Manifold Ghosts {Int+1 Stlth+} (You found it on level 2 of the Abyss)
 40597 | Abyss:2  | Reached skill level 3 in Throwing
 40942 | Abyss:4  | Got an ancient scimitar
 40946 | Abyss:4  | Identified the +6,+10 scimitar of Springtime {holy, Int+4} (You found it on level 4 of the Abyss)
 40960 | Abyss:5  | Entered Level 5 of the Abyss
 41047 | Abyss:5  | Reached skill level 4 in Throwing
 41237 | Abyss:5  | HP: 41/172 [smoke demon/divine providence (10)]
 41305 | Abyss:5  | HP: 43/172 [something (5)]
 41332 | Abyss:5  | Reached skill level 5 in Throwing
 41366 | Abyss:5  | HP: 42/172 [thrashing horror (4)]
 41480 | Abyss:5  | HP: 30/172 [raiju/living lightning (22)]
 41482 | Abyss:5  | HP: 7/172 [raiju/living lightning (13)]
 41483 | Abyss:5  | Killed from afar by a starcursed mass

Vanquished Creatures
  Saint Roka (Shoals:4)
  Boris (Vaults:3)
  Margery (Vaults:3)
  Norris (Shoals:4)
  Nikola (Spider:4)
  Arachne (Spider:3)
  A tentacled monstrosity (Vaults:4)
  5 tentacled starspawn
  2 Executioners
  A sphinx (Vaults:4)
  A tengu reaver (Vaults:4)
  4 fire giants
  5 ghost moths
  Donald (Vaults:3)
  A balrug (Abyss:5)
  Louise (Spider:1)
  9 vault wardens
  2 frost giants (Vaults:3)
  An orc warlord (Orc:4)
  7 emperor scorpions
  The ghost of casual the Fencer, a powerful DsBe of Trog (Orc:4)
  A deep elf demonologist (Vaults:4)
  3 stone giants (Vaults:4)
  An unborn (Abyss:3)
  A blizzard demon (Abyss:5)
  2 merfolk javelineers (Shoals:5)
  4 ettins
  A siren (Shoals:1)
  4 merfolk impalers (Shoals:5)
  A fire dragon (Vaults:1)
  6 yaktaur captains
  10 vault guards
  15 ironheart preservers
  3 great orbs of eyes
  A minotaur (Lab)
  2 ravenous feature mimics
  8 ogre magi
  4 hydras
  3 merfolk aquamancers
  Erica (Lair:2)
  22 dancing weapons
  A deep troll earth mage (Vaults:4)
  6 death yaks (Lair:8)
  2 deep troll shamans
  An orc high priest (Orc:4)
  Urug (D:11)
  13 thrashing horrors
  A catoblepas (Lair:8)
  A sun demon (Abyss:5)
  4 centaur warriors
  4 hell knights (Vaults:3)
  2 iron trolls
  4 wretched stars
  3 unseen horrors
  2 shadow wraiths (Vaults:1)
  8 skeletal warriors (Vaults:2)
  An orb spider (shapeshifter) (Abyss:5)
  An ice devil (Abyss:5)
  A flayed ghost (Vaults:4)
  A fire crab (Vaults:2)
  2 sea snakes (Shoals:5)
  24 orb spiders
  4 deep trolls
  15 orc knights
  2 giant orange brains
  10 ironbrand convokers
  16 hill giants
  5 water nymphs
  2 wizards (Vaults:3)
  A mana viper (shapeshifter) (Abyss:5)
  8 large abominations
  4 orc sorcerers
  4 necromancers
  5 griffons
  5 manticores
  A fire giant zombie (Vaults:2)
  An elephant (shapeshifter) (Vaults:3)
  A sixfirhy (Abyss:5)
  10 harpies
  8 red wasps
  6 black mambas
  24 wolf spiders
  A worldbinder (Abyss:2)
  A human skeleton (Vaults:4)
  5 cyclopes
  Maurice (D:8)
  4 vault sentinels
  3 mermaids
  A dire elephant zombie (Abyss:2)
  12 elephants
  A gargoyle (D:14)
  A feature mimic (Spider:4)
  6 smoke demons
  An orange demon (Abyss:5)
  Psyche (D:13)
  A kobold demonologist (D:14)
  24 yaktaurs
  An efreet (Abyss:5)
  2 hellwings (Abyss:5)
  5 fire drakes
  2 ancient zymes
  13 demonic crawlers
  A yaktaur (shapeshifter) (Vaults:2)
  2 red devils (Abyss:5)
  6 freezing wraiths
  17 spiny frogs
  16 jumping spiders
  A silent spectre (Abyss:5)
  2 deep elf priests
  12 komodo dragons
  13 merfolk
  4 boggarts (Vaults:1)
  A polar bear (shapeshifter) (Abyss:5)
  A polar bear (Lair:8)
  A wind drake (Shoals:3)
  A wind drake (shapeshifter) (Vaults:1)
  7 raiju (Abyss:5)
  A queen bee (shapeshifter) (Vaults:4)
  A tengu simulacrum (Vaults:4)
  An ettin zombie (Abyss:2)
  12 two-headed ogres
  33 blink frogs
  7 slime creatures (D:12)
  5 boulder beetles
  2 removed
  MONS_GRIZZLY_BEARs (Lair:8)
  A stone giant simulacrum (Vaults:2)
  A frost giant simulacrum (Vaults:1)
  4 snapping turtles
  A trapdoor spider zombie (D:12)
  14 trapdoor spiders
  A spriggan (D:7)
  A wandering mushroom (Lab)
  3 basilisks
  8 trolls
  A yak (shapeshifter) (Vaults:3)
  3 shadows
  A deep elf mage (Vaults:3)
  40 yaks
  11 sharks
  50 redbacks
  2 elephant slugs (Lair:5)
  7 water elementals
  Eustachio (D:6)
  9 vampire mosquitoes
  2 humans (D:14)
  Grum (D:11)
  16 tarantellas
  A chaos spawn (Abyss:4)
  A wraith (Vaults:1)
  11 hippogriffs
  4 neqoxecs
  7 deep elf fighters
  25 ugly things
  3 mottled dragons
  20 wolves
  21 wargs
  Menkaure (D:5)
  7 necrophages
  A human simulacrum (Vaults:4)
  A soldier ant (D:13)
  3 porcupines
  11 water moccasins
  3 small abominations (Abyss:2)
  49 orc warriors
  39 spiders
  A yellow wasp (Spider:5)
  4 hell hounds (Abyss:5)
  3 sky beasts
  3 black bears
  2 phantoms
  4 ice beasts
  12 crocodiles
  40 ogres
  16 centaurs
  2 big kobolds (D:12)
  2 lava worms (D:12)
  A gnoll sergeant (D:13)
  A brain worm (D:13)
  6 giant slugs
  An earth elemental (Lab)
  Blork the orc (D:6)
  A troll zombie (D:9)
  19 giant frogs
  19 killer bees
  7 scorpions
  A water moccasin skeleton (D:5)
  An eye of draining (Abyss:5)
  A jelly (D:12)
  A lava snake (D:12)
  9 wights
  8 goliath beetles
  5 electric eels
  3 crimson imps
  4 quasits
  8 iguanas
  A giant frog zombie (D:13)
  9 hounds
  2 two-headed ogre zombies (Vaults:3)
  Crazy Yiuf (D:2)
  A centaur zombie (D:7)
  3 human zombies
  34 orc priests
  A two-headed ogre skeleton (D:6)
  2 centaur skeletons
  4 big fish
  35 orc wizards
  10 worker ants
  30 sheep
  An ogre zombie (D:2)
  Ijyb (D:6)
  A crocodile zombie (D:11)
  A mummy (D:9)
  8 gnolls
  21 adders
  16 green rats
  A scorpion zombie (D:6)
  2 shadow imps (D:14)
  A white imp (Abyss:2)
  4 worms
  5 giant mites
  An ufetubus (Abyss:2)
  An orc skeleton (D:4)
  An iguana zombie (D:6)
  A giant eyeball (Abyss:5)
  12 giant geckos
  2 oozes
  222 orcs
  9 giant cockroaches
  22 goblins
  20 hobgoblins
  7 quokkas
  A ball python (D:1)
  23 bats
  A giant cockroach zombie (D:2)
  A giant mite zombie (D:5)
  2 giant newts (D:1)
  A goblin zombie (D:2)
  A hobgoblin skeleton (D:7)
  A hobgoblin zombie (D:6)
  19 jackals
  21 kobolds
  A kobold skeleton (D:2)
  2 kobold zombies
  2 orc zombies
  A quokka skeleton (D:2)
  27 rats
  2 ballistomycetes (D:11)
  2 fungi
  4 plants
  2 starspawn tentacles (Abyss:2)
1768 creatures vanquished.

Vanquished Creatures (collateral kills)
  Harold (Lair:7)
  A hippogriff (Lair:7)
2 creatures vanquished.

Vanquished Creatures (others)
  An ogre mage (D:14)
  An orc knight (D:14)
  A griffon (Vaults:4)
  18 drowned souls
  3 spiders
  An orc warrior (Vaults:4)
  3 giant mites
  A shadow imp (Abyss:4)
  A goblin (D:12)
  2 giant spores (D:11)
  A kobold (D:12)
  4 lurking horrors
  3 fungi
  A plant (Lair:5)
  16 starspawn tentacles
  54 starspawn tentacle segments
111 creatures vanquished.

Grand Total: 1881 creatures vanquished
